 Dungeon Crawl Stone Soup version 0.31-a0-202-g547052bce9 (webtiles) character file.

Game seed: 6182763031370717349

5364 ForestMusic the Cleaver (level 10, -3/90 HPs)
             Began as a Minotaur Berserker on June 26, 2023.
             Was a High Priest of Trog.
             Slain by a two-headed ogre
             ... wielding a +0 giant spiked club
              (19 damage)
             ... on level 9 of the Dungeon.
             The game lasted 01:14:04 (6901 turns).

ForestMusic the Cleaver (Minotaur Berserker)        Turns: 6901, Time: 01:14:05

Health: -3/90      AC: 22    Str: 29    XL:     10   Next: 39%
Magic:  9/9        EV: 10    Int:  4    God:    Trog [*****.]
Gold:   743        SH:  0    Dex: 10    Spells: 9/9 levels left

rFire   . . .        G - +9 flail "Haedd" {heavy, Str+3}
rCold   . . .        (no shield)
rNeg    . . .        p - +0 chain mail
rPois   .            (helmet restricted)
rElec   .            (no cloak)
rCorr   .            N - +2 pair of gloves
SInv    .            D - +2 pair of boots
Will    .....        O - amulet of regeneration Stlth
                     w - +4 ring of protection
HPRegen 1.15/turn    (no ring)
MPRegen 0.11/turn

%: no passive effects
@: very slow
A: horns 2, retaliatory headbutt
a: Renounce Religion, Berserk, Trog's Hand, Brothers in Arms


You were on level 9 of the Dungeon.
You worshipped Trog.
Trog was extremely pleased with you.
You visited 1 branch of the dungeon, and saw 9 of its levels.
You also visited: Ossuary.

You collected 743 gold pieces.

Inventory:

Hand Weapons
 c - a +0 vampiric hand axe
 l - a +2 heavy hand axe
 E - a +0 orcbow
 G - the +9 flail "Haedd" (weapon) {heavy, Str+3}
   (You found it on level 9 of the Dungeon)

   Str:       It affects your strength (+3).
Missiles
 o - a curare-tipped dart
 u - 22 poisoned darts
Armour
 p - a +0 chain mail (worn)
 D - a +2 pair of boots (worn)
 N - a +2 pair of gloves (worn)
Jewellery
 w - a +4 ring of protection (left hand)
 y - an amulet of faith
 H - a ring of resist corrosion
 O - an amulet of regeneration (around neck)
Wands
 s - a wand of flame (17)
 t - a wand of acid (13)
 F - a wand of iceblast (9)
Scrolls
 a - a scroll of butterflies {unknown}
 b - 6 scrolls of identify
 e - a scroll of amnesia
 g - 2 scrolls of teleportation {unknown}
 k - a scroll of poison
 m - a scroll of vulnerability
 r - a scroll of enchant armour {unknown}
 x - 2 scrolls of fear {unknown}
 C - 2 scrolls of noise {unknown}
 L - 2 scrolls of blinking {unknown}
 M - 2 scrolls of fog {unknown}
Potions
 d - 2 potions of enlightenment {unknown}
 f - 5 potions of mutation {unknown}
 h - a potion of berserk rage {unknown}
 i - 2 potions of invisibility {unknown}
 j - a potion of magic {unknown}
 n - 2 potions of attraction {unknown}
 q - 5 potions of curing (quivered)
 v - 2 potions of brilliance {unknown}
 z - 2 potions of heal wounds {unknown}
 A - a potion of ambrosia {unknown}
 B - 2 potions of might {unknown}


   Skills:
 + Level 8.8 Fighting
 + Level 12.5(12.6) Axes
 + Level 2.6(8.4) Maces & Flails
 + Level 2.6 Throwing
 + Level 9.6 Armour
 + Level 4.5 Dodging
 + Level 1.8 Stealth


You had 9 spell levels left.
You didn't know any spells.
Your spell library contained the following spells:

 Spells                   Type           Power      Damage    Failure   Level
 Ensorcelled Hibernation  Hex/Ice        0%         N/A       96%         2
 Poisonous Vapours        Pois/Air       0%         N/A       96%         2
 Mephitic Cloud           Conj/Pois/Air  0%         N/A       99%         3
 Animate Armour           Summ/Erth      0%         N/A       100%        4
 Summon Lightning Spire   Summ/Air       0%         N/A       100%        4
 Blade Hands              Tmut           0%         N/A       100%        5
 Freezing Cloud           Conj/Ice/Air   0%         6-21      100%        5
 Chain Lightning          Conj/Air       0%         N/A       100%        9


Dungeon Overview and Level Annotations

Branches:
Dungeon (9/15)             Temple (0/1) D:7         Ossuary (visited)
   Lair: D:8-11         Orc: D:9-12

Altars:
Ashenzari
Cheibriados
Gozag
Kikubaaqudgha
Makhleb
Sif Muna
Trog
Vehumet
Zin

Shops:
D:1 :   D:3 *

Annotations:
D:8 3 transporters


Innate Abilities, Weirdness & Mutations

You have a pair of horns on your head.
You reflexively headbutt those who attack you in melee.


Message History

Trog accepts your kill.
You see here a bullfrog corpse.
The electric eel shoots out a bolt of lightning at you!
The bolt of electricity hits you! The bolt of electricity hits you.
The electric eel shoots out a bolt of lightning at you!
The bolt of electricity misses you.
The electric eel shoots out a bolt of lightning at you!
The bolt of electricity hits you.
The electric eel shoots out a bolt of lightning at you!
The bolt of electricity hits you but does no damage.
The electric eel shoots out a bolt of lightning at you!
The bolt of electricity misses you. The bolt of electricity hits you!
The bolt of electricity hits the electric eel.
The electric eel completely resists.
You bludgeon the electric eel!!
You kill the electric eel!
Trog accepts your kill.
You hear a splash.
You enter the shallow water.
Moving in this stuff is going to be slow.
You see here an electric eel corpse.
A sourceless malevolence fills the Dungeon... and a teleportation trap spontaneously manifests!
You are yanked towards a nearby monster!
Your surroundings suddenly seem different.
Splash!
A two-headed ogre comes into view.
It is wielding two +0 giant spiked clubs.
The two-headed ogre shouts in stereo!
The two-headed ogre hits you with a +0 giant spiked club!! x2
Your unstable footing causes you to fumble your attack.
The two-headed ogre hits you with a +0 giant spiked club!
* * * LOW HITPOINT WARNING * * *
The two-headed ogre hits you with a +0 giant spiked club!
* * * LOW HITPOINT WARNING * * *
Press: ? - help, v - describe, . - travel
Here: a two-headed ogre, wielding two +0 giant spiked clubs Some shallow water.
You feel better.
The two-headed ogre hits you but does no damage.
The two-headed ogre hits you with a +0 giant spiked club!!
You die...

## #♣♣P## ##~~~PP## #~♣~~P~~#
#O~~~~~♣ #@.~~..♣ ##.....#
#......# #......#
################.################
..............................>..
..................†..............
.....####..####..########..######
.>...# #..# #..# #..#


You could see a two-headed ogre.

Vanquished Creatures
  A two-headed ogre (D:8)
  Pikel (D:9)
  Sigmund (D:5)
  A wyvern (D:9)
  6 yaks (D:9)
  2 steam dragons (D:9)
  A water moccasin (D:6)
  A sky beast (D:6)
  2 orc warriors (D:8)
  A black bear (D:5)
  2 centaurs (D:9)
  2 lemures (D:9)
  4 kobold brigands
  2 phantoms (D:6)
  Blork the orc (D:5)
  2 bullfrogs (D:9)
  A gnoll sergeant (D:7)
  5 scorpions
  5 killer bees (D:9)
  An electric eel (D:9)
  5 jellies
  3 orc priests
  5 hounds
  A sleepcap (D:5)
  3 iguanas
  8 orc wizards
  9 mummies
  5 gnolls (D:7)
  10 adders
  An ufetubus (D:6)
  2 worms (D:2)
  2 dart slugs (D:1)
  28 orcs
  4 bats
  2 endoplasms (D:2)
  3 giant cockroaches
  9 goblins
  2 hobgoblins
  3 jackals (D:3)
  2 quokkas (D:1)
  10 ball pythons
  A frilled lizard (D:1)
  2 gnoll zombies (Ossuary)
  A hobgoblin zombie (Ossuary)
  24 kobolds
  2 kobold zombies (Ossuary)
  3 orc zombies (Ossuary)
  A rat (D:1)
193 creatures vanquished.

Vanquished Creatures (others)
  A wizard (D:4)
1 creature vanquished.

Grand Total: 194 creatures vanquished

Notes
Turn   | Place    | Note
-------+----------+-------------------------------------------
     0 | D:1      | ForestMusic the Minotaur Berserker began the quest for the
                  | Orb.
     0 | D:1      | Reached XP level 1. HP: 19/19 MP: 0/0
   192 | D:1      | Reached XP level 2. HP: 18/27 MP: 1/1
   265 | D:1      | Reached skill level 4 in Axes
   575 | D:1      | Found a faded altar of an unknown god.
   604 | D:1      | Found Ozxeg's Book Emporium.
   868 | D:2      | Reached XP level 3. HP: 33/33 MP: 2/2
   895 | D:2      | Reached ** piety under Trog
  1146 | D:2      | Reached XP level 4. HP: 23/41 MP: 3/3
  1352 | D:3      | Found Zin's Purification Station.
  1364 | D:3      | Found a glowing silver altar of Zin.
  1430 | D:3      | Reached skill level 5 in Axes
  1777 | D:3      | Found a snail-covered altar of Cheibriados.
  1903 | D:4      | Reached XP level 5. HP: 47/47 MP: 4/4
  2193 | D:4      | Found a bloodstained altar of Trog.
  2231 | D:4      | Noticed a wizard
  2236 | D:4      | Killed a wizard
  2366 | D:4      | Identified the +1 flail "Aclen" {heavy, SInv}
  2402 | D:4      | Reached skill level 6 in Axes
  2710 | D:4      | Reached XP level 6. HP: 55/55 MP: 5/5
  3023 | D:4      | Reached skill level 1 in Throwing
  3141 | D:5      | Entered Level 5 of the Dungeon
  3155 | D:5      | Reached skill level 5 in Fighting
  3197 | D:5      | Reached *** piety under Trog
  3234 | D:5      | Noticed Sigmund
  3264 | D:5      | Reached skill level 7 in Axes
  3266 | D:5      | Killed Sigmund
  3267 | D:5      | Reached skill level 1 in Stealth
  3267 | D:5      | Reached XP level 7. HP: 61/61 MP: 6/6
  3457 | D:5      | Noticed Blork the orc
  3494 | D:5      | Killed Blork the orc
  3499 | D:5      | Found a shimmering blue altar of Sif Muna.
  3623 | D:5      | Found a radiant altar of Vehumet.
  3785 | D:5      | Reached skill level 5 in Armour
  4205 | D:6      | Reached skill level 8 in Axes
  4225 | D:6      | Identified the +4 robe of the Lost Underlurkers {rN+ Regen+
                  | Int+2}
  4298 | D:6      | Reached XP level 8. HP: 70/70 MP: 7/7
  4309 | D:6      | Got the Codex of the Entrancing Storm
  4377 | D:6      | Found an opulent altar of Gozag.
  5080 | D:7      | Found a staircase to the Ecumenical Temple.
  5088 | D:7      | Reached skill level 9 in Axes
  5447 | D:7      | Found a burning altar of Makhleb.
  5550 | D:7      | Found a sand-covered staircase.
  5556 | Ossuary  | Entered an ossuary
  5572 | Ossuary  | Reached **** piety under Trog
  5583 | Ossuary  | Reached XP level 9. HP: 78/78 MP: 8/8
  5796 | D:8      | Noticed a two-headed ogre
  5807 | D:8      | Killed a two-headed ogre
  5808 | D:8      | Reached skill level 10 in Axes
  5908 | D:8      | Found an ancient bone altar of Kikubaaqudgha.
  6061 | D:8      | Found a transporter.
  6086 | D:8      | Found a transporter.
  6112 | D:8      | Found a transporter.
  6149 | D:8      | Found a transporter.
  6181 | D:8      | Reached skill level 11 in Axes
  6469 | D:9      | Reached skill level 12 in Axes
  6469 | D:9      | Reached XP level 10. HP: 90/90 MP: 9/9
  6469 | D:9      | Reached ***** piety under Trog
  6614 | D:9      | Identified the +9 flail "Haedd" {heavy, Str+3}
  6742 | D:9      | Reached skill level 1 in Maces & Flails
  6798 | D:9      | Noticed Pikel
  6809 | D:9      | Killed Pikel
  6846 | D:9      | Found a broken altar of Ashenzari.
  6898 | D:9      | Noticed a two-headed ogre
  6901 | D:9      | Slain by a two-headed ogre

Illustrated notes

Levels and vault maps discovered:
D:1:      tarquinn_simple_flora_water_f, layout_basic, serial_shops,
          nicolae_book_shop_shelving, ebering_ecumenical_altar_rust,
          serial_bayou_pond_e
D:2:      layout_rooms, due_unseen_surprise
D:3:      layout_rooms, zin_purify, slow_altar_2
D:4:      layout_basic, trog_wizard, nicolae_letterblocks
          [nicolae_letter_subblock, nicolae_letter_subblock,
          nicolae_letter_subblock, nicolae_letter_subblock,
          nicolae_letter_subblock, nicolae_letter_subblock,
          nicolae_letter_subblock, nicolae_letter_subblock,
          nicolae_letter_subblock, nicolae_letter_subblock,
          nicolae_letter_subblock, nicolae_letter_subblock,
          nicolae_letter_subblock, nicolae_letter_subblock,
          nicolae_letter_subblock, nicolae_letter_subblock,
          nicolae_letter_subblock, nicolae_letter_subblock,
          nicolae_letter_subblock, nicolae_letter_subblock,
          nicolae_letter_subblock, nicolae_letter_subblock,
          nicolae_letter_subblock, nicolae_letter_subblock,
          nicolae_letter_subblock]
D:5:      layout_basic, fiery_altar_vehumet, tgw_sif,
          kennysheep_generic_room_10, uniq_sigmund
D:6:      layout_basic, mainiacjoe_overflow_six_doors_small
D:7:      layout_rooms, makhleb_blood_cavern_becter, temple_fountains,
          nicolae_ossuary_entry_plus
D:8:      layout_rooms, marbit_many_paths, nicolae_transporter_intersection
D:9:      layout_small_grid, mainiacjoe_overflow_cross_hatched, serial_bayou,
          serial_bayou_shore_b, serial_bayou_pond_a, serial_bayou_shore_b,
          serial_bayou_lagoon_a, minmay_circle_x, uniq_pikel

Skill      XL: |  1  2  3  4  5  6  7  8  9 10 |
---------------+-------------------------------+-----
Fighting       | 4 5 6 8 |  8.8
Axes           | 4 5 6 7 8 9 12 | 12.5
Dodging        | 3 4 |  4.5
Armour         | 3 4 5 7 9 |  9.6
Throwing       | 1 2 |  2.6
Stealth        | 1 |  1.8
Maces & Flails | 2 |  2.6

Action                     |  1- 3 |  4- 6 |  7- 9 | 10-12 || total
---------------------------+-------+-------+-------+-------++-------
  Melee: Hand axe          |    78 |   108 |   174 |     7 ||   367
         Headbutt          |    12 |    13 |    29 |     4 ||    58
         Punch             |       |     1 |     2 |       ||     3
         Flail             |       |       |       |    27 ||    27
  Throw: Dart              |     4 |     7 |     7 |       ||    18
 Invoke: Berserk           |       |     6 |     2 |       ||     8
    Use: Scroll            |       |       |     5 |       ||     5
         Potion            |       |       |     3 |     1 ||     4
 Armour: Animal skin       |    24 |     3 |       |       ||    27
         Leather armour    |       |     8 |       |       ||     8
         Ring mail         |       |     7 |       |       ||     7
         Scale mail        |       |    69 |     2 |       ||    71
         Chain mail        |       |       |   144 |    38 ||   182
  Dodge: Dodged            |    60 |    53 |   109 |    38 ||   260

Table legend: (Time is in decaauts)
 A = Elapsed time spent in this place.
 B = Non-inter-level travel time spent in this place.
 C = Inter-level travel time spent in this place.
 D = Time resting spent in this place.
 E = Time spent auto-exploring this place.
 F = Levels seen in this place.
 G = Mean time per level.
                   A        B        C        D        E       F      G
               +--------+--------+--------+--------+--------+-----+--------+
         Total |   7043 |   7027 |     16 |   1121 |    433 |  10 |  704.3 |
       Dungeon |   6854 |   6838 |     16 |   1121 |    433 |   9 |  761.6 |
       Ossuary |    189 |    189 |      0 |      0 |      0 |   1 |  189.0 |
               +--------+--------+--------+--------+--------+-----+--------+

Top non-repeatable levels by time:
     D:4: 1274 daAuts
     D:5: 1087 daAuts
     D:1: 867 daAuts
     D:6: 862 daAuts
     D:8: 622 daAuts
     D:3: 594 daAuts
     D:7: 551 daAuts
     D:9: 549 daAuts
     D:2: 445 daAuts
 Ossuary: 189 daAuts
